 Dungeon Crawl Stone Soup version 0.29-a0-700-g2f1814c7b2 (webtiles) character file.

Game seed: 2211351914193949535

38 lunkers the Chopper (level 3, 0/33 HPs)
             Began as a Meteoran Cinder Acolyte on June 25, 2022.
             Was a High Priest of Ignis.
             Slain by a phantom (7 damage)
             ... on level 3 of the Dungeon.
             The game lasted 00:03:32 (497 turns).

lunkers the Chopper (Meteoran Cinder Acolyte)        Turns: 497, Time: 00:03:32

Health: 0/33       AC:  2    Str: 15    XL:     3   Next: 91%
Magic:  1/6        EV: 11    Int: 18    God:    Ignis [*****.]
Gold:   44         SH:  0    Dex:  9    Spells: 2/4 levels left

rFire   + . .      SeeInvis .   a - -1 hand axe (flame)
rCold   . . .      Faith    .   (no shield)
rNeg    . . .      Spirit   .   b - +0 robe
rPois   .          Reflect  .   (no helmet)
rElec   .          Harm     .   (no cloak)
rCorr   .          Rampage  .   (no gloves)
Will    .....                   (no boots)
Stlth   +.........              (no amulet)
HPRegen 0.11/turn               (no ring)
MPRegen 0.10/turn               (no ring)

@: glowing
A: sense surroundings 1, otherworldly, glowing, explore regen
a: Renounce Religion, Fiery Armour, Foxfire Swarm, Rising Flame


You were on level 3 of the Dungeon.
You worshipped Ignis.
Ignis was extremely pleased with you.
You visited 1 branch of the dungeon, and saw 3 of its levels.

You collected 44 gold pieces.

Inventory:

Hand Weapons
 a - a -1 hand axe of flaming (weapon)
 l - a +0 war axe
Armour
 b - a +0 robe (worn)
 m - a +0 ring mail
Scrolls
 c - a scroll of vulnerability {unknown}
 e - a scroll of noise {unknown}
 g - 3 scrolls of fear {unknown}
 h - a scroll of identify {unknown}
 k - a scroll of enchant weapon {unknown}
Potions
 d - a potion of curing {unknown}
 f - a potion of heal wounds {unknown}
 i - a potion of attraction {unknown}
 j - a potion of invisibility {unknown}


   Skills:
 + Level 3.8 Fighting
 * Level 4.8 Axes
 - Level 1.3 Spellcasting
 - Level 3.6 Fire Magic


You had 2 spell levels left.
You knew the following spells:

 Your Spells              Type           Power      Damage    Failure   Level
b - Scorch                Fire           28%        2d6       7%          2

Your spell library contained the following spells:

 Spells                   Type           Power      Damage    Failure   Level


Dungeon Overview and Level Annotations

Branches:
Dungeon (3/15) Zot: 1297

Altars:


Innate Abilities, Weirdness & Mutations

You passively map a small area around you.
You are easily found by Zot.
You glow in the dark.
You regain HP and MP as you explore.


Message History

The phantom is severely damaged.
The phantom's fire resistance burns away.
* * * LOW MAGIC WARNING * * *
The phantom hits you but does no damage.
You don't have enough magic to cast this spell.
Unknown command.
Unknown command.
Unknown command.
Unknown command.
Unknown command.
You aren't carrying any items that you can evoke.
Unknown command.
You barely miss the phantom.
The phantom is severely damaged.
The phantom hits you.
* * * LOW HITPOINT WARNING * * *
Unknown command.
Unknown command.
Unknown command.
You hit the phantom but do no damage.
The phantom is severely damaged.
The phantom barely misses you.
Unknown command.
Unknown command.
Unknown command.
Unknown command.
Unknown command.
You hit the phantom but do no damage.
The phantom is severely damaged.
The phantom hits you.
* * * LOW HITPOINT WARNING * * *
Unknown command.
Unknown command.
Unknown command.
Unknown command.
You hit the phantom. You burn the phantom.
The phantom is almost destroyed.
The phantom is no longer more vulnerable to fire.
The phantom hits you!
You die...

######### ** ,
##.$.....# #...$....
#..#..<# * , #......#
#....# , ####>W@.# * ,
###########.....#.# *
..................# *
...............#..# *
* ..................#
* ,
..................#,*
≈
).†.........†.......#
*
.###########+#####.##*
, .# * * , .. ,


You could see a phantom.

Vanquished Creatures
  An adder (D:2)
  A worm (D:3)
  2 giant cockroaches (D:2)
  A goblin (D:3)
  3 hobgoblins
  4 jackals (D:3)
  A kobold (D:1)
  3 ball pythons (D:1)
  4 bats
  A frilled lizard (D:1)
  5 rats
26 creatures vanquished.

Notes
Turn   | Place    | Note
-------+----------+-------------------------------------------
     0 | D:1      | lunkers the Meteoran Cinder Acolyte began the quest for the
                  | Orb.
     0 | D:1      | Reached XP level 1. HP: 19/19 MP: 3/3
   127 | D:1      | Reached XP level 2. HP: 20/26 MP: 5/5
   130 | D:1      | Reached skill level 4 in Axes
   133 | D:1      | Learned a level 2 spell: Scorch
   145 | D:1      | Found a faded altar of an unknown god.
   299 | D:2      | Reached XP level 3. HP: 31/31 MP: 1/6
   481 | D:3      | Noticed a phantom
   497 | D:3      | Slain by a phantom

Illustrated notes

Levels and vault maps discovered:
D:1:      sevenhm_arrival_forest_fort_large_4, layout_loops_ring,
          hellmonk_ecumenical_altar_run_dry
D:2:      layout_basic
D:3:      layout_basic, kennysheep_slug_shrine

Skill      XL: |  1  2 |
---------------+-------+-----
Axes           | 4 |  4.8
Fighting       | |  3.8
Spellcasting   | |  1.3
Fire Magic     | |  3.6

Action                   || total
-------------------------++-------
Melee: Hand axe          ||    60
       Punch             ||     1
 Cast: Scorch            ||    16
Armor: Robe              ||    24
Dodge: Dodged            ||    28

Table legend: (Time is in decaauts)
 A = Elapsed time spent in this place.
 B = Non-inter-level travel time spent in this place.
 C = Inter-level travel time spent in this place.
 D = Time resting spent in this place.
 E = Time spent auto-exploring this place.
 F = Levels seen in this place.
 G = Mean time per level.
                   A        B        C        D        E       F      G
               +--------+--------+--------+--------+--------+-----+--------+
         Total |    502 |    502 |      0 |      0 |    225 |   3 |  167.3 |
       Dungeon |    502 |    502 |      0 |      0 |    225 |   3 |  167.3 |
               +--------+--------+--------+--------+--------+-----+--------+

Top non-repeatable levels by time:
     D:1: 235 daAuts
     D:3: 149 daAuts
     D:2: 117 daAuts
